 Dungeon Crawl Stone Soup version 0.29-a0-1027-gcd8c55af63 (webtiles) character file.

Game seed: 5346829934312945460

11001 hquester1 the Protected (level 11, -6/97 HPs)
             Began as a Minotaur Fighter on Aug 12, 2022.
             Was an Elder of Okawaru.
             Mangled by an orc warrior
             ... wielding a +0 war axe
              (24 damage)
             ... on level 10 of the Dungeon.
             The game lasted 00:29:18 (12042 turns).

hquester1 the Protected (Minotaur Fighter)         Turns: 12042, Time: 00:29:19

Health: -6/97      AC:  0    Str: 24    XL:     11   Next: 43%
Magic:  10/10      EV: 24    Int:  5    God:    Okawaru [****..]
Gold:   623        SH:  0    Dex: 16    Spells: 10/10 levels left

rFire   . . .      SeeInvis .   (weapon currently unavailable)
rCold   . . .      Faith    +   (shield currently unavailable)
rNeg    . . .      Spirit   .   (body armour currently unavailable)
rPois   .          Reflect  .   (helmet currently unavailable)
rElec   .          Harm     .   (cloak currently unavailable)
rCorr   .          Rampage  .   (gloves currently unavailable)
Will    .....                   (boots currently unavailable)
Stlth   +++.......              B - amulet of faith
HPRegen 0.26/turn               (ring currently unavailable)
MPRegen 0.12/turn               (ring currently unavailable)

@: bat-form, flying, very quick
A: fast, flying, no casting, tiny, (horns 2), (retaliatory headbutt)
a: Renounce Religion, Heroism, Finesse


You were on level 10 of the Dungeon.
You worshipped Okawaru.
Okawaru was greatly pleased with you.
You were a bat.
You visited 2 branches of the dungeon, and saw 11 of its levels.

You collected 623 gold pieces.

Inventory:

Hand Weapons
 p - the +6 eveningstar of Unreason (melded) {venom, rF+}
   (You acquired it on level 9 of the Dungeon)

   It poisons the flesh of those it strikes.
   rF:        It protects you from fire.
Missiles
 G - a throwing net (quivered)
Armour
 e - a +1 plate armour (melded)
 m - a +0 kite shield (melded)
Jewellery
 i - a +6 ring of strength (melded)
 o - a ring of see invisible (melded)
 B - an amulet of faith (around neck)
Wands
 d - a wand of quicksilver (12)
 j - a wand of iceblast (18)
 D - a wand of charming (5)
Scrolls
 b - 2 scrolls of teleportation
 g - a scroll of enchant weapon
 h - 2 scrolls of enchant armour
 s - 2 scrolls of poison
 t - a scroll of noise
 C - 2 scrolls of fear
Potions
 f - 4 potions of flight
 l - a potion of brilliance {unknown}
 n - 2 potions of curing
 r - 2 potions of lignification {unknown}
 v - a potion of degeneration {unknown}
 w - 2 potions of magic
 x - 2 potions of attraction {unknown}
 z - a potion of invisibility {unknown}
 A - 2 potions of mutation {unknown}
 J - 2 potions of might


   Skills:
 + Level 9.4 Fighting
 + Level 8.9(9.8) Axes
 + Level 6.5(8.7) Maces & Flails
 + Level 9.4 Armour
 + Level 7.6 Dodging
 + Level 6.3 Stealth
 + Level 9.2 Shields


You had 10 spell levels left.
You didn't know any spells.
Your spell library contained the following spells:

 Spells                   Type           Power      Damage    Failure   Level
 Sandblast                Erth           0%         2d4       47%         1
 Sting                    Tmut/Pois      0%         1d3       47%         1
 Passwall                 Tmut/Erth      0%         N/A       63%         2
 Poisonous Vapours        Pois/Air       0%         N/A       63%         2
 Stone Arrow              Conj/Erth      0%         3d7       85%         3
 Olgreb's Toxic Radiance  Pois           0%         N/A       99%         4
 Passage of Golubria      Tloc           0%         N/A       99%         4
 Petrify                  Tmut/Erth      0%         N/A       99%         4
 Metabolic Englaciation   Hex/Ice        0%         N/A       100%        5
 Yara's Violent Unravell  Hex/Tmut       0%         3d3       100%        5
 Statue Form              Tmut/Erth      0%         N/A       100%        6
 Tukima's Dance           Hex            Unusable   N/A       N/A         3

Dungeon Overview and Level Annotations

Branches:
Dungeon (10/15)            Temple (1/1) D:6            Lair (0/5) D:8
    Orc: D:9-12

Altars:
Ashenzari
Cheibriados
Dithmenos
Elyvilon
Fedhas
Gozag
Hepliaklqana
Kikubaaqudgha
Makhleb
Nemelex Xobeh
Okawaru
Qazlal
Ru
Sif Muna
Trog
Uskayaw
Vehumet
Wu Jian
Xom
Yredelemnul
Zin
The Shining One

Shops:
D:2 :

Annotations:
D:7 1 runed translucent door, ragingrage's ghost, novice VSCK
D:8 2 transporters, drugrobin's ghost, novice DgFi
D:10 Maurice


Innate Abilities, Weirdness & Mutations

You are a bat.
You are tiny and dextrous.
You move quickly.
You are flying.
Your equipment is almost entirely melded.
You are incapable of wielding weapons or throwing items.
You cannot cast spells.
((You have a pair of horns on your head.))
((You reflexively headbutt those who attack you in melee.))


Message History

You block Maurice's attack.
The orc warrior hits you with a +0 war axe!
* * * LOW HITPOINT WARNING * * *
Maurice zaps a wand.
You turn into a bat.
The +6 eveningstar of Unreason {venom, rF+} melds into your body.
Your +0 kite shield melds into your body.
Your +1 plate armour melds into your body.
Your +6 ring of strength melds into your body.
Your ring of see invisible melds into your body.
The +6 eveningstar of Unreason {venom, rF+} stops dripping with poison.
You feel weaker.
You feel much better. The orc warrior misses you.
You hear some strange, mumbled words.
Deactivating autopickup; reactivate with Ctrl-A.
You hit something.
The orc no longer looks unusually strong.
The orc warrior completely misses you. Something hits you!
Something steals your lumpy amethyst potion!
You closely miss something. Something hits you.
Something steals 3 of your 5 scrolls of teleportation!
The orc warrior closely misses you.
You closely miss something. Something hits you.
* * * LOW HITPOINT WARNING * * *
Something steals your +1 broad axe!
The orc warrior misses you.
You hit the orc warrior but do no damage.
The orc warrior is severely wounded.
You hear some strange, mumbled words.
You see here a killer bee corpse.
A gnoll sergeant comes into view. It is wielding a +2 vorpal spear.
The gnoll sergeant shouts!
You hear a shout!
The gnoll sergeant completely misses you.
You barely miss the orc warrior.
The orc warrior is severely wounded.
The orc warrior barely misses you.
You closely miss the orc warrior.
The orc warrior is severely wounded.
The gnoll sergeant hits you from afar with a +2 vorpal spear!
* * * LOW HITPOINT WARNING * * *
x2 The orc warrior hits you with a +0 war axe!!
You die...

oo#.####.#
oo8....o.# #..#
#oo# ## #).#
.## #..# #g#
#..#
#.##########..#
#.boo)ooo)....#
#######o§....##
#.######
########.#
#........#
#.######## #.#
#.#.###.######
#............##


You could see an orc warrior, a gnoll sergeant and 5 orcs.

Vanquished Creatures
  3 death yaks (D:8)
  5 two-headed ogres
  Pikel (D:8)
  2 orc knights (D:10)
  Maggie (D:8)
  Sigmund (D:3)
  A wraith (D:9)
  5 yaks (D:8)
  2 steam dragons (D:9)
  A water moccasin (D:7)
  4 orc warriors
  A sky beast (D:7)
  An ice beast (D:8)
  4 ogres
  A centaur (D:6)
  A phantom (D:5)
  3 bullfrogs
  2 gnoll sergeants
  5 scorpions
  A necrophage (D:6)
  4 wights (D:6)
  8 killer bees
  7 howler monkeys
  2 hounds (D:4)
  5 orc priests
  A gnoll bouda (D:6)
  3 iguanas
  Ijyb (D:4)
  Terence (D:3)
  9 orc wizards
  Robin (D:4)
  13 gnolls
  6 adders
  A shadow imp (D:4)
  A worm (D:3)
  A dart slug (D:1)
  51 orcs
  6 ball pythons
  3 endoplasms
  7 giant cockroaches
  11 hobgoblins
  7 quokkas
  3 bats
  4 frilled lizards
  22 goblins
  7 kobolds
  3 rats (D:2)
233 creatures vanquished.

Vanquished Creatures (others)
  3 bushes (D:8)
  2 plants
5 creatures vanquished.

Grand Total: 238 creatures vanquished

Notes
Turn   | Place    | Note
-------+----------+-------------------------------------------
     0 | D:1      | hquester1 the Minotaur Fighter began the quest for the Orb.
     0 | D:1      | Reached XP level 1. HP: 19/19 MP: 0/0
   138 | D:1      | Reached XP level 2. HP: 14/27 MP: 1/1
   937 | D:2      | Reached XP level 3. HP: 11/33 MP: 2/2
  1362 | D:2      | Identified the +2 dagger of the Queen {vorpal, rN+ Str+4}
  1393 | D:2      | Found Losusago's Book Boutique.
  1465 | D:2      | Noticed an ogre
  1473 | D:2      | Killed an ogre
  1474 | D:2      | Reached skill level 1 in Dodging
  1474 | D:2      | Reached skill level 1 in Stealth
  1474 | D:2      | Reached XP level 4. HP: 20/41 MP: 3/3
  1763 | D:2      | Found a burning altar of Makhleb.
  2197 | D:2      | Found a faded altar of an unknown god.
  2240 | D:2      | Reached XP level 5. HP: 47/47 MP: 4/4
  3066 | D:3      | Noticed Sigmund
  3068 | D:3      | Noticed Terence
  3075 | D:3      | Killed Sigmund
  3076 | D:3      | Reached XP level 6. HP: 38/55 MP: 5/5
  3085 | D:3      | Killed Terence
  3086 | D:3      | Reached skill level 5 in Fighting
  3453 | D:4      | Reached skill level 5 in Armour
  3562 | D:4      | Reached skill level 5 in Shields
  3568 | D:4      | Noticed Ijyb
  3588 | D:4      | Killed Ijyb
  3721 | D:4      | Reached XP level 7. HP: 56/61 MP: 6/6
  3748 | D:4      | Noticed Robin
  3758 | D:4      | Killed Robin
  3776 | D:4      | You fall into a shaft and drop 2 floors!
  3790 | D:5      | Entered Level 5 of the Dungeon
  4398 | D:5      | Found a runed translucent door.
  5334 | D:5      | Reached skill level 5 in Axes
  5357 | D:5      | Reached XP level 8. HP: 64/70 MP: 7/7
  6336 | D:6      | Found a staircase to the Ecumenical Temple.
  6341 | Temple   | Entered the Ecumenical Temple
  6746 | D:7      | Reached skill level 1 in Maces & Flails
  6788 | D:7      | Found a runed translucent door.
  6788 | D:7      | Found a shimmering altar of Xom.
  6788 | D:7      | Noticed a +2 spear of chaos
  6788 | D:7      | Noticed ragingrage's ghost (novice VSCK)
  6958 | D:7      | Reached XP level 9. HP: 32/78 MP: 8/8
  7209 | D:7      | Noticed a two-headed ogre
  7219 | D:7      | HP: 1/78 [two-headed ogre/+0 giant spiked club (10)]
  7222 | D:7      | Killed a two-headed ogre
  7223 | D:7      | Reached skill level 5 in Dodging
  8757 | D:8      | Found a transporter.
  8757 | D:8      | Noticed a moth of wrath
  8758 | D:8      | Found a transporter.
  8768 | D:8      | Found a bloodstained altar of Trog.
  8768 | D:8      | Noticed drugrobin's ghost (novice DgFi)
  8778 | D:8      | Noticed a troll
  8792 | D:8      | Noticed Maggie
  8805 | D:8      | Killed Maggie
  8992 | D:8      | Noticed a two-headed ogre
  9001 | D:8      | Killed a two-headed ogre
  9002 | D:8      | Reached skill level 5 in Stealth
  9002 | D:8      | Reached XP level 10. HP: 25/88 MP: 9/9
  9301 | D:8      | Noticed a two-headed ogre
  9313 | D:8      | Killed a two-headed ogre
  9557 | D:8      | Noticed Pikel
  9568 | D:8      | Killed Pikel
  9664 | D:8      | Found an iron altar of Okawaru.
  9672 | D:8      | Became a worshipper of Warmaster Okawaru
  9688 | D:8      | Found a stormy altar of Qazlal.
  9731 | D:8      | Found a staircase to the Lair.
  9732 | D:8      | Noticed a death yak
  9733 | D:8      | Noticed a death yak
  9764 | D:8      | Killed a death yak
  9765 | D:8      | Reached skill level 5 in Maces & Flails
 10062 | D:8      | Noticed a death yak
 10090 | D:8      | HP: 3/90 [death yak (4)]
 10094 | D:8      | Killed a death yak
 10447 | D:8      | Killed a death yak
 10447 | D:8      | Reached * piety under Okawaru
 10456 | D:8      | Reached XP level 11. HP: 26/95 MP: 10/10
 10954 | D:9      | Identified a scroll of acquirement
 10954 | D:9      | Acquired the +6 eveningstar of Unreason {venom, rF+}
 11031 | D:9      | Reached ** piety under Okawaru
 11092 | D:9      | Noticed a two-headed ogre
 11099 | D:9      | Killed a two-headed ogre
 11279 | D:9      | Reached *** piety under Okawaru
 11348 | D:9      | Noticed a two-headed ogre
 11355 | D:9      | Killed a two-headed ogre
 11910 | D:10     | Entered Level 10 of the Dungeon
 11989 | D:10     | Noticed an orc knight
 12003 | D:10     | Noticed an orc knight
 12020 | D:10     | Killed an orc knight
 12021 | D:10     | Noticed Maurice
 12023 | D:10     | Killed an orc knight
 12023 | D:10     | Reached **** piety under Okawaru
 12042 | D:10     | Mangled by an orc warrior

Illustrated notes

Levels and vault maps discovered:
D:1:      heliophobic_arrival_battle_scene, layout_basic, fountainhead
D:2:      layout_basic, dreamdust_ecumenical_altar_hidden_monk_grotto,
          basic_altar, serial_shops, shop, hex_tiny
D:3:      layout_loops_ring, corexii_shack, lightli_corner_chamber,
          uniq_terence, uniq_sigmund
D:4:      kennysheep_the_goblin_king, layout_rooms, uniq_robin
D:5:      layout_loops_ring, st_stairs_2, lightli_church_of_beogh
D:6:      layout_cave_pools, minmay_temple_entry_arrows
D:7:      layout_basic, ebering_ghost_xom
D:8:      minmay_klotski, layout_basic, mainiacjoe_overflow_large_starburst,
          dpeg_lair_monsters, gammafunk_ghost_wrathful_warriors, st_stairs_1,
          uniq_pikel, uniq_maggie
D:9:      layout_long_grid, minmay_misc_feat_rows, minmay_misc_feat_more_columns
D:10:     layout_loops_ring, david_orc_5, nzn_ghost_randoct, uniq_maurice
Temple:   nicolae_temple_bog_church

Skill      XL: |  1  2  3  4  5  6  7  8  9 10 11 |
---------------+----------------------------------+-----
Fighting       | 4 5 6 8 9 |  9.4
Shields        | 4 5 6 7 8 9 |  9.2
Axes           | 3 4 5 6 7 8 |  8.9
Armour         | 4 5 6 8 9 |  9.4
Dodging        | 1 2 3 4 6 7 |  7.6
Stealth        | 1 2 3 4 5 6 |  6.3
Maces & Flails | 1 4 5 6 |  6.5

Action                   |  1- 3 |  4- 6 |  7- 9 | 10-12 || total
-------------------------+-------+-------+-------+-------++-------
Melee: War axe           |    67 |   117 |   105 |       ||   289
       Headbutt          |     8 |    17 |    65 |    45 ||   135
       Mace              |       |       |   243 |   120 ||   363
       Eveningstar       |       |       |       |    67 ||    67
       Unarmed           |       |       |       |     6 ||     6
Invok: Heroism           |       |       |       |     1 ||     1
  Use: Potion            |       |     1 |     3 |     4 ||     8
       Scroll            |       |       |     5 |    12 ||    17
Armor: Scale mail        |    33 |    15 |       |       ||    48
       Chain mail        |       |    25 |   125 |       ||   150
       Plate armour      |       |       |    64 |    54 ||   118
Dodge: Dodged            |    31 |    47 |   170 |    66 ||   314
Block: Buckler           |    15 |    20 |   102 |    29 ||   166
       Kite shield       |       |       |       |    20 ||    20

Table legend: (Time is in decaauts)
 A = Elapsed time spent in this place.
 B = Non-inter-level travel time spent in this place.
 C = Inter-level travel time spent in this place.
 D = Time resting spent in this place.
 E = Time spent auto-exploring this place.
 F = Levels seen in this place.
 G = Mean time per level.
                   A        B        C        D        E       F      G
               +--------+--------+--------+--------+--------+-----+--------+
         Total |  12211 |  11911 |    300 |   2819 |   6761 |  11 | 1110.1 |
       Dungeon |  12023 |  11723 |    300 |   2819 |   6607 |  10 | 1202.3 |
        Temple |    188 |    188 |      0 |      0 |    154 |   1 |  188.0 |
               +--------+--------+--------+--------+--------+-----+--------+

Top non-repeatable levels by time:
     D:8: 2467 daAuts
     D:7: 1765 daAuts
     D:5: 1710 daAuts
     D:2: 1382 daAuts
     D:3: 1177 daAuts
     D:9: 1002 daAuts
     D:1: 942 daAuts
     D:4: 789 daAuts
     D:6: 653 daAuts
  Temple: 188 daAuts
    D:10: 133 daAuts
